 Dungeon Crawl Stone Soup version 0.29-a0-1019-g84f7d21838 (webtiles) character file.

Game seed: 18408201244293361827

98 IdlyInterested the Cutter (level 4, -5/34 HPs)
             Began as a Demonspawn Gladiator on Aug 10, 2022.
             Slain by a gnoll bouda
             ... wielding a +0 whip
              (8 damage)
             ... on level 4 of the Dungeon.
             The game lasted 00:09:45 (3103 turns).

IdlyInterested the Cutter (Demonspawn Gladiator)    Turns: 3103, Time: 00:09:45

Health: -5/34      AC: 10    Str: 14    XL:     4   Next: 44%
Magic:  4/4        EV: 11    Int: 12    God:
Gold:   195        SH:  0    Dex: 14    Spells: 3/3 levels left

rFire   . . .      SeeInvis .   a - +1 rapier
rCold   . . .      Faith    .   (no shield)
rNeg    . . .      Spirit   .   h - +0 ring mail
rPois   .          Reflect  .   (helmet restricted)
rElec   .          Harm     .   o - +0 cloak
rCorr   .          Rampage  .   (no gloves)
Will    .....      Archmagi +   (no boots)
Stlth   +.........              (no amulet)
HPRegen 0.11/turn               c - ring of the Mage {Wiz Archmagi}
MPRegen 0.09/turn               l - +4 ring of protection

@: mighty, about to teleport, weakened, hasted, very quick
A: horns 1
a: no special abilities


You were on level 4 of the Dungeon.
You visited 1 branch of the dungeon, and saw 4 of its levels.

You collected 195 gold pieces.

Inventory:

Hand Weapons
 a - a +1 rapier (weapon)
Missiles
 d - 3 throwing nets (quivered)
 e - a javelin
 i - 2 silver javelins
Armour
 h - a +0 ring mail (worn)
 o - a +0 cloak (worn)
Magical Staves
 p - a staff of conjuration
Jewellery
 c - the ring of the Mage (left hand) {Wiz Archmagi}
   (You acquired it on level 1 of the Dungeon)

   [ring of wizardry]

   It improves your spell success rate.
   Archmagi:  It increases the power of your magical spells.
 l - a +4 ring of protection (right hand)
Wands
 j - a wand of iceblast (9)
 q - a wand of quicksilver (5)
 r - a wand of flame (20)
Scrolls
 b - a scroll of identify
 g - a scroll of teleportation
Potions
 m - a potion of cancellation


   Skills:
 + Level 2.8 Fighting
 * Level 4.2 Short Blades
 - Level 1.7 Throwing
 - Level 3.0 Dodging


You had 3 spell levels left.
You didn't know any spells.
Your spell library contained the following spells:

 Spells                   Type           Power      Damage    Failure   Level
 Cause Fear               Hex            0%         N/A       92%         4
 Dragon Form              Tmut           0%         N/A       100%        7
 Dragon's Call            Summ           0%         N/A       100%        9


Dungeon Overview and Level Annotations

Branches:
Dungeon (4/15)
 Temple: D:4-7

Altars:
Qazlal

Shops:
D:3 (


Innate Abilities, Weirdness & Mutations

You have a pair of small horns on your head.


Message History

You feel your attacks grow feeble. The gnoll bouda closely misses you.
You hit the gnoll bouda. Your headbutt misses the gnoll bouda.
The gnoll bouda is moderately wounded.
The gnoll bouda hits you with a +0 whip.
* * * LOW HITPOINT WARNING * * *
The gnoll closely misses you.
You feel better. The gnoll barely misses you.
The gnoll bouda barks out a call to the hunt!
The gnoll picks up the pace!
You hear a shout!
You puncture the gnoll bouda!
The gnoll bouda is severely wounded.
The gnoll hits you with a +0 whip.
* * * LOW HITPOINT WARNING * * *
The gnoll bouda gazes fiercely through you!
You feel as though you will be weak longer.
The gnoll bouda barely misses you.
You feel yourself speed up.
The gnoll bouda hits you with a +0 whip.
* * * LOW HITPOINT WARNING * * *
The gnoll hits you but does no damage.
Okay, then.
As you read the scroll of teleportation, it crumbles to dust.
You feel strangely unstable.
You hit the gnoll bouda.
The gnoll bouda is severely wounded.
The gnoll hits you but does no damage.
You hit the gnoll bouda.
You headbutt the gnoll bouda, but do no damage.
The gnoll bouda is almost dead.
The gnoll hits you with a +0 whip.
* * * LOW HITPOINT WARNING * * *
You closely miss the gnoll bouda.
The gnoll bouda is almost dead.
The gnoll closely misses you. x2
You closely miss the gnoll bouda.
The gnoll bouda is almost dead.
The gnoll bouda hits you with a +0 whip!
You die...

#.......# #...
##.......###..#
#.........##..#
##.......#.##..# #
#................#
#.......###....#.#.#
#...........##.....#
#.##.#.#.##g.#.# #
#. #.#........#


You could see a gnoll bouda and 2 gnolls.

Vanquished Creatures
  3 gnolls (D:4)
  An adder (D:3)
  2 worms (D:4)
  6 ball pythons
  5 bats
  5 endoplasms
  3 giant cockroaches
  5 goblins
  6 hobgoblins
  3 jackals (D:2)
  3 quokkas
  4 frilled lizards
  4 kobolds
  A rat (D:3)
51 creatures vanquished.

Notes
Turn   | Place    | Note
-------+----------+-------------------------------------------
     0 | D:1      | IdlyInterested the Demonspawn Gladiator began the quest for
                  | the Orb.
     0 | D:1      | Reached XP level 1. HP: 16/16 MP: 1/1
   117 | D:1      | Found a faded altar of an unknown god.
   156 | D:1      | Reached skill level 3 in Short Blades
   280 | D:1      | Gained mutation: You have a pair of small horns on your
                  | head. [demonic ancestry]
   280 | D:1      | Reached XP level 2. HP: 19/22 MP: 2/2
   876 | D:1      | Identified a scroll of acquirement
   877 | D:1      | Acquired the ring of the Mage {Wiz Archmagi}
   877 | D:1      | Found the ring of the Mage {Wiz Archmagi}
  1086 | D:2      | Reached XP level 3. HP: 27/27 MP: 3/3
  2197 | D:3      | Found Wimietaf's Antique Weapon Emporium.
  2343 | D:3      | Found a stormy altar of Qazlal.
  3065 | D:4      | Reached skill level 4 in Short Blades
  3065 | D:4      | Reached XP level 4. HP: 25/34 MP: 4/4
  3103 | D:4      | Slain by a gnoll bouda

Illustrated notes

Levels and vault maps discovered:
D:1:      lemuel_arrival_behind_the_door_small, layout_rooms,
          ebering_ecumenical_altar_hall, minivault_25
D:2:      layout_loops_corners
D:3:      layout_basic, nicolae_qazlal_scattered_showers, serial_shops, shop
D:4:      layout_basic

Skill      XL: |  1  2  3 |
---------------+----------+-----
Short Blades   | 3 4 |  4.2
Dodging        | 3 |  3.0
Fighting       | |  2.8
Throwing       | |  1.7

Action                   |  1- 3 |  4- 6 || total
-------------------------+-------+-------++-------
Melee: Rapier            |   173 |    22 ||   195
       Headbutt          |    20 |     4 ||    24
       Punch             |     1 |       ||     1
  Use: Scroll            |    13 |     1 ||    14
       Potion            |     1 |     4 ||     5
Armor: Leather armour    |    21 |       ||    21
       Ring mail         |    54 |     7 ||    61
Dodge: Dodged            |   129 |    12 ||   141

Table legend: (Time is in decaauts)
 A = Elapsed time spent in this place.
 B = Non-inter-level travel time spent in this place.
 C = Inter-level travel time spent in this place.
 D = Time resting spent in this place.
 E = Time spent auto-exploring this place.
 F = Levels seen in this place.
 G = Mean time per level.
                   A        B        C        D        E       F      G
               +--------+--------+--------+--------+--------+-----+--------+
         Total |   3108 |   2636 |    472 |    257 |   1746 |   4 |  777.0 |
       Dungeon |   3108 |   2636 |    472 |    257 |   1746 |   4 |  777.0 |
               +--------+--------+--------+--------+--------+-----+--------+

Top non-repeatable levels by time:
     D:2: 1151 daAuts
     D:1: 1019 daAuts
     D:3: 792 daAuts
     D:4: 144 daAuts
